 Dungeon Crawl Stone Soup version 0.26.1-11-gd32895ea62 (webtiles) character file.

Game seed: 13183647516755993932

3221 H0rd4k the Martial Artist (level 9, -3/54 HPs)
             Began as an Octopode Transmuter on May 27, 2021.
             Was an Initiate of Gozag.
             Slain by a wyvern skeleton (7 damage)
             ... on level 7 of the Dungeon.
             The game lasted 00:13:05 (7974 turns).

H0rd4k the Martial Artist (Octopode Transmuter)     Turns: 7974, Time: 00:13:05

Health: -3/54      AC:  1    Str: 10    XL:     9   Next: 97%
Magic:  15/16      EV: 15    Int: 18    God:    Gozag
Gold:   1304       SH:  0    Dex: 12    Spells: 9/18 levels left

rFire    + . .     SeeInvis .     - Unarmed
rCold    . . .     Faith    .   (no shield)
rNeg     . . .     Spirit   .   (helmet restricted)
rPois    .         Reflect  .   a - amulet of regeneration
rElec    .         Harm     .   e - ring of protection from fire
rCorr    .         Rampage  .   (no ring)
Will     .....                  (no ring)
Stlth    ++........             (no ring)
HPRegen  0.58/turn              (no ring)
MPRegen  0.15/turn              (no ring)
                                (no ring)
                                (no ring)

@: marked, gold aura
A: almost no armour, stealthy swim, amphibious, 8 rings, constrict 8, camouflage
1, gelatinous body 1
a: Renounce Religion, Potion Petition, Call Merchant, Bribe Branch


You were on level 7 of the Dungeon.
You worshipped Gozag.
Gozag was most pleased with you.
You visited 1 branch of the dungeon, and saw 7 of its levels.
You also visited: Sewer and Ossuary.

You collected 1369 gold pieces.
You paid 65 gold pieces to Gozag.

Inventory:

Missiles
 f - 24 poisoned darts (quivered)
Jewellery
 a - an amulet of regeneration (around mantle)
 e - a ring of protection from fire (left tentacle)
 v - an uncursed ring of stealth
Wands
 l - a wand of enslavement (4)
 u - a wand of digging (6)
 x - a wand of random effects (12)
 y - a wand of acid (9)
Scrolls
 b - 4 scrolls of immolation {unknown}
 d - 2 scrolls of amnesia
 g - 10 scrolls of identify
 j - 2 scrolls of remove curse
 n - a scroll of enchant weapon {unknown}
 o - 4 scrolls of magic mapping
 p - a scroll of random uselessness {unknown}
 q - 2 scrolls of teleportation {unknown}
 s - a scroll of fog {unknown}
 t - a scroll of holy word {unknown}
 B - a scroll of blinking {unknown}
Potions
 c - 6 potions of curing
 h - 4 potions of haste {unknown}
 i - a potion of invisibility
 k - 2 potions of flight
 m - 8 potions of heal wounds
 r - a potion of magic {unknown}
 w - a potion of degeneration {unknown}
 z - a potion of might
 A - a potion of mutation {unknown}


   Skills:
 + Level 2.1 Fighting
 + Level 5.1 Dodging
 - Level 0.4 Stealth
 + Level 9.1 Unarmed Combat
 * Level 5.3 Spellcasting
 * Level 6.1 Transmutations
 - Level 5.6 Poison Magic


You had 9 spell levels left.
You knew the following spells:

 Your Spells              Type           Power        Failure   Level
a - Beastly Appendage     Tmut           52%          1%          1
b - Spider Form           Tmut/Pois      12%          3%          3
c - Blade Hands           Tmut           13%          28%         5

Your spell library contained the following spells:

 Spells                   Type           Power        Failure   Level
 Wereblood                Tmut           26%          1%          2
 Animate Skeleton         Necr           8%           13%         1
 Apportation              Tloc           8%           13%         1
 Corona                   Hex            4%           13%         1
 Summon Small Mammal      Summ           16%          13%         1
 Ice Form                 Ice/Tmut       15%          36%         4


Dungeon Overview and Level Annotations

Branches:
Dungeon (7/15)             Temple (0/1) D:4           Sewer (visited)
Ossuary (visited)

Altars:
Fedhas
Gozag
Hepliaklqana
Kikubaaqudgha
Makhleb
Nemelex Xobeh
Ru
Trog


Innate Abilities, Weirdness & Mutations

You cannot wear most types of armour.
You are very stealthy in the water. (Stealth+)
You are amphibious.
You can wear up to eight rings at the same time.
You can use your tentacles to constrict eight enemies at once.
Your skin changes colour to match your surroundings (Stealth+).
Your rubbery body absorbs attacks. (AC +1, EV +1)


Message History

You hit the wyvern skeleton.
The wyvern skeleton is lightly damaged.
Your transformation has ended.
The wyvern skeleton bites you.
The orc wizard hits you with a +0 dagger.
You tentacle-slap the wyvern skeleton.
The wyvern skeleton is moderately damaged.
The orc misses you. The wyvern skeleton bites you.
The orc wizard gestures at you while chanting.
The magic dart hits you!
You tentacle-slap the wyvern skeleton. You squeeze the wyvern skeleton!
The wyvern skeleton is severely damaged.
The wyvern skeleton bites you!
* * * LOW HITPOINT WARNING * * *
The orc completely misses you. The orc wizard misses you.
You tentacle-slap the wyvern skeleton but do no damage.
The wyvern skeleton is severely damaged.
The wyvern skeleton bites you!
You die...
Your body crumbles into a pile of gold.

#######..#
#.#########..####.#...
##.## ..########.## #.....
#..###.#.....##.#####.)...
##..##.....).##.##...(.###
##..##......##.##.###(###
##...............# #..)#
####.........#### ###)#
##$....)..## #..
#$@...#.).## ##.
#oZo....#..# ##
#........#.## #
........#)...#
.######.##.#.# #.
#.##...###### .
#.##........# .#
......##())..##
.....###....)..


You could see an orc wizard (very poisoned), an orc and a wyvern skeleton.

Vanquished Creatures
  Prince Ribbit (D:7)
  2 sky beasts (D:7)
  Duvessa (D:7)
  An orc warrior (D:7)
  An ice beast (D:6)
  A black bear (D:7)
  A phantom (D:4)
  A hornet zombie (D:6)
  A centaur (D:7)
  An ogre (D:6)
  2 big kobolds
  2 elf zombies (Ossuary)
  3 bullfrogs (D:7)
  Dowan (D:7)
  2 scorpions
  7 wights
  A howler monkey (D:5)
  7 orc priests
  A centaur skeleton (D:5)
  A gnoll shaman (D:6)
  3 hounds
  7 orc wizards
  An iguana (D:7)
  4 worker ants
  4 big kobold zombies (Ossuary)
  A mummy (Ossuary)
  8 gnolls
  11 adders
  A white imp (D:7)
  3 oozes
  4 adder zombies
  6 worms
  3 dart slugs
  7 leopard geckos
  35 orcs
  11 bats
  11 giant cockroaches
  9 goblins
  13 hobgoblins
  6 jackals
  2 quokkas
  5 ball pythons
  6 frilled lizards
  6 hobgoblin zombies (Ossuary)
  A jackal skeleton (D:4)
  A jackal zombie (Ossuary)
  24 kobolds
  10 kobold zombies (Ossuary)
  9 orc zombies (Ossuary)
  A quokka skeleton (D:4)
  A quokka zombie (D:5)
  9 rats
  2 rat zombies (Ossuary)
263 creatures vanquished.

Vanquished Creatures (others)
  A plant (Sewer)
1 creature vanquished.

Grand Total: 264 creatures vanquished

Notes
Turn   | Place    | Note
-------+----------+-------------------------------------------
     0 | D:1      | H0rd4k the Octopode Transmuter began the quest for the Orb.
     0 | D:1      | Reached XP level 1. HP: 13/13 MP: 3/3
   151 | D:1      | Reached XP level 2. HP: 12/18 MP: 5/5
  1062 | D:1      | Reached XP level 3. HP: 23/23 MP: 6/6
  1066 | D:1      | Learned a level 3 spell: Spider Form
  1495 | D:2      | Found a faded altar of an unknown god.
  1801 | D:2      | Reached XP level 4. HP: 22/28 MP: 7/7
  2237 | D:3      | Reached skill level 4 in Unarmed Combat
  2253 | D:3      | Reached skill level 1 in Poison Magic
  2253 | D:3      | Reached XP level 5. HP: 15/33 MP: 1/8
  2283 | D:3      | Found a burning altar of Makhleb.
  2289 | D:3      | Found a sacrificial altar of Ru.
  2291 | D:3      | Found a blossoming altar of Fedhas.
  2456 | D:3      | Found a glowing drain.
  2474 | Sewer    | Entered a sewer
  2607 | Sewer    | Noticed a big kobold
  2621 | Sewer    | Killed a big kobold
  2695 | Sewer    | Reached XP level 6. HP: 37/38 MP: 10/10
  2884 | D:3      | Found a sparkling altar of Nemelex Xobeh.
  2884 | D:3      | Found a bloodstained altar of Trog.
  3375 | D:4      | Found an opulent altar of Gozag.
  3381 | D:4      | Became a worshipper of Gozag Ym Sagoz the Greedy
  3415 | D:4      | Noticed a phantom
  3462 | D:4      | Found a staircase to the Ecumenical Temple.
  3517 | D:4      | Found a sand-covered staircase.
  3531 | Ossuary  | Entered an ossuary
  3849 | Ossuary  | Reached skill level 5 in Unarmed Combat
  3849 | Ossuary  | Reached XP level 7. HP: 25/43 MP: 11/11
  4899 | D:4      | Reached skill level 6 in Unarmed Combat
  4983 | D:4      | Reached XP level 8. HP: 39/48 MP: 13/13
  5273 | D:5      | Entered Level 5 of the Dungeon
  5991 | D:5      | Found an ancient bone altar of Kikubaaqudgha.
  6693 | D:6      | Reached skill level 7 in Unarmed Combat
  6783 | D:6      | Reached skill level 5 in Poison Magic
  6902 | D:6      | Found a hazy altar of Hepliaklqana.
  6980 | D:6      | Reached skill level 5 in Transmutations
  7074 | D:6      | Reached XP level 9. HP: 35/52 MP: 15/15
  7375 | D:7      | Reached skill level 8 in Unarmed Combat
  7456 | D:7      | Noticed Duvessa
  7457 | D:7      | Noticed Dowan
  7481 | D:7      | Killed Duvessa
  7524 | D:7      | Killed Dowan
  7632 | D:7      | Learned a level 5 spell: Blade Hands
  7639 | D:7      | Noticed Prince Ribbit
  7682 | D:7      | Killed Prince Ribbit
  7855 | D:7      | Reached skill level 5 in Dodging
  7859 | D:7      | Reached skill level 9 in Unarmed Combat
  7859 | D:7      | Reached skill level 5 in Spellcasting
  7974 | D:7      | Slain by a wyvern skeleton

Illustrated notes

Levels and vault maps discovered:
D:1:      dpeg_arrival_rhombi, layout_basic
D:2:      layout_basic, chequers_ecumenical_altar_simple
D:3:      layout_loops_ring, gammafunk_temple_overflow_statue,
          grunt_temple_overflow_open, cheibrodos_sewer_entry_bend,
          minmay_quadrilaterals
D:4:      layout_loops_corners, nicolae_gozag_cash_rules_everything_around_me,
          minmay_temple_entry_hall, enter_ossuary_1, minmay_goblin_outpost
D:5:      layout_gridville, lemuel_statue_altar
D:6:      layout_basic, general_overflow_altar
D:7:      layout_rooms, uniq_duvessa, uniq_prince_ribbit1

Skill      XL: |  1  2  3  4  5  6  7  8  9 |
---------------+----------------------------+-----
Unarmed Combat | 4 5 6 7 9 |  9.1
Poison Magic   | 1 2 3 5 |  5.6
Dodging        | 3 4 5 |  5.1
Transmutations | 3 4 5 6 |  6.1
Spellcasting   | 3 4 5 |  5.3
Fighting       | 2 |  2.1
Stealth        | |  0.4

Action                   |  1- 3 |  4- 6 |  7- 9 || total
-------------------------+-------+-------+-------++-------
Melee: Unarmed           |    73 |   244 |   468 ||   785
       Constrict         |    16 |    60 |    39 ||   115
       Tentacles         |     8 |    46 |    28 ||    82
       Punch             |     2 |     6 |    10 ||    18
Throw: Dart              |       |       |     3 ||     3
 Cast: Spider Form       |       |     2 |    23 ||    25
  Use: Potion            |     2 |       |     4 ||     6
       Scroll            |       |     4 |       ||     4
 Stab: Sleeping          |     8 |     7 |     6 ||    21
       Distracted        |       |     2 |     2 ||     4
Armor: Skin              |     6 |     9 |    22 ||    37
Dodge: Dodged            |    47 |   145 |   314 ||   506
